 Dungeon Crawl Stone Soup version 0.29-a0-802-g34511f41fd (webtiles) character file.

Game seed: 849714452670924197

2 lesbiats the Slasher (level 1, -2/16 HPs)
             Began as a Demonspawn Gladiator on July 3, 2022.
             Slain by a kobold
             ... wielding a +0 short sword
              (4 damage)
             ... on level 1 of the Dungeon.
             The game lasted 00:00:42 (193 turns).

lesbiats the Slasher (Demonspawn Gladiator)          Turns: 193, Time: 00:00:43

Health: -2/16      AC:  4    Str: 14    XL:     1   Next: 33%
Magic:  1/1        EV: 12    Int:  9    God:
Gold:   0          SH:  0    Dex: 14    Spells: 0/0 levels left

rFire   . . .      SeeInvis .   a - +0 long sword
rCold   . . .      Faith    .   (no shield)
rNeg    . . .      Spirit   .   b - +0 leather armour
rPois   .          Reflect  .   c - +0 helmet
rElec   .          Harm     .   (no cloak)
rCorr   .          Rampage  .   (no gloves)
Will    .....                   (no boots)
Stlth   +.........              (no amulet)
HPRegen 0.05/turn               (no ring)
MPRegen 0.07/turn               (no ring)

@: no status effects
A: no striking features
a: no special abilities


You were on level 1 of the Dungeon.
You visited 1 branch of the dungeon, and saw 1 of its levels.

Inventory:

Hand Weapons
 a - a +0 long sword (weapon)
 i - a +0 sling
Missiles
 d - 3 throwing nets (quivered)
 e - a javelin
Armour
 b - a +0 leather armour (worn)
 c - a +0 helmet (worn)
Scrolls
 h - a scroll of fear {unknown}
Potions
 f - a potion of lignification {unknown}
 g - a potion of mutation {unknown}


   Skills:
 + Level 2.0 Fighting
 + Level 2.7 Long Blades
 + Level 1.8 Throwing
 + Level 2.7 Dodging


You couldn't memorise any spells.
You didn't know any spells.
Your spell library was empty.

Dungeon Overview and Level Annotations

Branches:
Dungeon (1/15)

Altars:


Message History

A hobgoblin comes into view.
The bat closely misses you. The bat hits you but does no damage.
The endoplasm hits you but does no damage.
The bat completely misses you. The bat hits you.
The endoplasm closely misses you. The bat barely misses you.
The endoplasm freezes you.
You are frozen.
You barely miss the bat. You punch the bat, but do no damage.
The bat hits you but does no damage. The endoplasm barely misses you.
You slash the bat!
You kill the bat!
The hobgoblin shouts!
A kobold comes into view. It is wielding a +0 short sword.
The endoplasm freezes you.
You are frozen.
The kobold shouts!
You hear a shout!
A kobold comes into view. It is wielding a +0 club.
The endoplasm hits you but does no damage.
You see here 14 gold pieces.
The kobold closely misses you. The endoplasm completely misses you.
You hit the endoplasm.
The endoplasm is lightly wounded.
The kobold hits you but does no damage. The endoplasm closely misses you.
The kobold closely misses you.
You hit the endoplasm.
The endoplasm is almost dead.
The endoplasm freezes you.
You are frozen.
The kobold closely misses you. The kobold hits you with a +0 club. x2
* * * LOW HITPOINT WARNING * * *
The endoplasm freezes you.
You are frozen.
* * * LOW HITPOINT WARNING * * *
The kobold completely misses you.
You slash the endoplasm!
You kill the endoplasm!
The kobold hits you with a +0 short sword.
You die...

#....##......##...
#....##......##...
#....###....## ...
#####....####''####.
#....................
#....................
#....†...).....>.....
#...##.#........######
#.. #$@#..#....... ..)
#KK#..#...#.### ##
#.g...#...#.#
......#...#.# .####..#
#. ..# # ... ...


You could see a hobgoblin and 2 kobolds.

Vanquished Creatures
  A bat (D:1)
  An endoplasm (D:1)
  A goblin (D:1)
3 creatures vanquished.

Notes
Turn   | Place    | Note
-------+----------+-------------------------------------------
     0 | D:1      | lesbiats the Demonspawn Gladiator began the quest for the
                  | Orb.
     0 | D:1      | Reached XP level 1. HP: 16/16 MP: 1/1
   193 | D:1      | Slain by a kobold

Illustrated notes

Levels and vault maps discovered:
D:1:      dpeg_arrival_refuge, layout_basic, basic_ecumenical_altar,
          minmay_pentomino_q4

Action                   || total
-------------------------++-------
Melee: Long sword        ||     9
       Punch             ||     1
Armor: Leather armour    ||     6
Dodge: Dodged            ||    13

Table legend: (Time is in decaauts)
 A = Elapsed time spent in this place.
 B = Non-inter-level travel time spent in this place.
 C = Inter-level travel time spent in this place.
 D = Time resting spent in this place.
 E = Time spent auto-exploring this place.
 F = Levels seen in this place.
 G = Mean time per level.
                   A        B        C        D        E       F      G
               +--------+--------+--------+--------+--------+-----+--------+
         Total |    195 |    195 |      0 |      0 |    133 |   1 |  195.0 |
       Dungeon |    195 |    195 |      0 |      0 |    133 |   1 |  195.0 |
               +--------+--------+--------+--------+--------+-----+--------+

Top non-repeatable levels by time:
     D:1: 195 daAuts
